 Dungeon Crawl Stone Soup version 0.31-a0-614-gc85dc1c48c (webtiles) character file.

Game seed: 15141563511818001619

2601 MacCMillion the Frost Mage (level 9, -3/66 HPs)
             Began as a Gnoll Ice Elementalist on Aug 22, 2023.
             Was a Follower of Cheibriados.
             Slain by qipq's ghost (9 damage)
             ... on level 7 of the Dungeon.
             The game lasted 00:20:30 (8682 turns).

MacCMillion the Frost Mage (Gnoll Ice Elementalist) Turns: 8682, Time: 00:20:31

Health: -3/66      AC: 16    Str: 11    XL:     9   Next: 59%
Magic:  19/19      EV: 13    Int: 21    God:    Cheibriados [*.....]
Gold:   579        SH:  0    Dex: 16    Spells: 14/21 levels left

rFire   x . .        E - +1 morningstar (holy)
rCold   + . .        (no shield)
rNeg    . . .        D - +0 ring mail
rPois   .            (no helmet)
rElec   .            (no cloak)
rCorr   .            (no gloves)
SInv    .            (no boots)
Will    .....        g - amulet of magic regeneration
Stlth   +++          C - ring of ice
HPRegen 0.31/turn    w - +4 ring of protection
MPRegen 0.56/turn

%: no passive effects
@: ice-armoured (expiring), very slow
A: fangs 1, strong nose, distributed training
a: Renounce Religion, Bend Time


You were on level 7 of the Dungeon.
You worshipped Cheibriados.
Cheibriados was aware of your devotion.
You visited 2 branches of the dungeon, and saw 8 of its levels.
You also visited: Sewer.

You collected 579 gold pieces.

Inventory:

Hand Weapons
 e - a +0 short sword
 k - a +1 dagger of venom
 E - a +1 morningstar of holy wrath (weapon)
Armour
 a - a +0 robe
 D - a +0 ring mail (worn)
Jewellery
 g - an amulet of magic regeneration (around neck)
 l - a +6 ring of strength
 q - a +6 ring of dexterity
 t - an amulet of faith
 w - a +4 ring of protection (right hand)
 C - a ring of ice (left hand)
Wands
 y - a wand of flame (24)
Scrolls
 f - a scroll of acquirement {unknown}
 h - a scroll of fog {unknown}
 i - a scroll of torment
 m - 2 scrolls of fear
 n - 2 scrolls of revelation {unknown}
 o - a scroll of enchant weapon {unknown}
 p - 3 scrolls of noise
 r - a scroll of poison
 v - a scroll of teleportation
 z - 2 scrolls of blinking
 A - a scroll of immolation {unknown}
 F - a scroll of vulnerability {unknown}
 G - a scroll of identify {unknown}
Potions
 b - 3 potions of magic
 c - 3 potions of enlightenment {unknown}
 d - 2 potions of lignification {unknown}
 j - 2 potions of curing {unknown}
 s - 5 potions of heal wounds
 u - a potion of brilliance {unknown}
 x - 2 potions of haste {unknown}
 B - 3 potions of mutation {unknown}


   Skills:
 + Level 4.5 Fighting
 + Level 4.5 Short Blades
 + Level 4.5 Long Blades
 + Level 4.5 Axes
 + Level 4.5 Maces & Flails
 + Level 4.5 Polearms
 + Level 4.5 Staves
 + Level 4.5 Ranged Weapons
 + Level 4.5 Throwing
 + Level 4.5 Armour
 + Level 6.5 Dodging
 + Level 6.2 Stealth
 + Level 4.5 Shields
 + Level 4.5 Unarmed Combat
 + Level 6.8 Spellcasting
 + Level 3.7 Conjurations
 + Level 3.7 Hexes
 + Level 3.7 Summonings
 + Level 3.7 Necromancy
 + Level 3.7 Translocations
 + Level 3.7 Transmutations
 + Level 3.7 Fire Magic
 + Level 8.1 Ice Magic
 + Level 3.7 Air Magic
 + Level 3.7 Earth Magic
 + Level 3.7 Poison Magic
 + Level 4.9 Invocations
 + Level 4.5 Evocations
 + Level 3.7 Shapeshifting


You had 14 spell levels left.
You knew the following spells:

 Your Spells              Type           Power      Damage    Failure   Level
a - Freeze                Ice            100%       1d10      1%          1
b - Frozen Ramparts       Ice            100%       1d16      1%          3
c - Ozocubu's Armour      Ice            58%        N/A       1%          3

Your spell library contained the following spells:

 Spells                   Type           Power      Damage    Failure   Level
 Poisonous Vapours        Pois/Air       44%        N/A       7%          2
 Sublimation of Blood     Necr           22%        N/A       7%          2
 Call Canine Familiar     Summ           22%        N/A       13%         3
 Portal Projectile        Hex/Tloc       44%        N/A       13%         3
 Summon Guardian Golem    Hex/Summ       22%        N/A       13%         3
 Summon Ice Beast         Ice/Summ       48%        N/A       17%         4
 Leda's Liquefaction      Hex/Erth       11%        N/A       41%         4
 Petrify                  Tmut/Erth      22%        N/A       41%         4
 Summon Lightning Spire   Summ/Air       22%        N/A       41%         4
 Irradiate                Conj/Tmut      11%        3d15      77%         5
 Leda's Unmaking          Conj/Erth      11%        9d3       100%        6
 Plasma Beam              Fire/Air       11%        2x1d22    100%        6
 Orb of Destruction       Conj           11%        9d6       100%        7
 Spellforged Servitor     Conj/Summ      11%        N/A       100%        7


Dungeon Overview and Level Annotations

Branches:
Dungeon (7/15)             Temple (1/1) D:5           Sewer (visited)

Altars:
Ashenzari
Cheibriados
Dithmenos
Elyvilon
Fedhas
Gozag
Hepliaklqana
Kikubaaqudgha
Makhleb
Okawaru
Ru
Sif Muna
Trog
Uskayaw
Vehumet
Wu Jian
Xom
Yredelemnul
Zin
The Shining One

Shops:
D:4 *   D:7 ?

Annotations:
D:3 2 transporters
D:6 1 runed translucent door, qipq's ghost, amateur FeFi
D:7 qipq's ghost, amateur FeDe


Innate Abilities, Weirdness & Mutations

You have very sharp teeth.
Your uncanny sense of smell can sniff out nearby items.
Your experience applies equally to all skills.


Message History

You completely miss qipq's ghost.
Qipq's ghost is heavily damaged.
Qipq's ghost says, "You will join me soon!"
Qipq's ghost barely misses you. Qipq's ghost misses you.
You completely miss qipq's ghost.
Qipq's ghost is heavily damaged.
Qipq's ghost barely misses you.
You completely miss qipq's ghost.
Qipq's ghost is heavily damaged.
Qipq's ghost hits you!
* * * LOW HITPOINT WARNING * * *
You completely miss qipq's ghost.
Qipq's ghost is heavily damaged.
Qipq's ghost closely misses you. x2
You hit qipq's ghost but do no damage.
Qipq's ghost is heavily damaged.
Qipq's ghost barely misses you.
You completely miss qipq's ghost. Your bite misses qipq's ghost.
Qipq's ghost is heavily damaged.
Qipq's ghost completely misses you.
You barely miss qipq's ghost. Your bite misses qipq's ghost.
Qipq's ghost is heavily damaged.
Qipq's ghost barely misses you. Qipq's ghost hits you.
* * * LOW HITPOINT WARNING * * *
You closely miss qipq's ghost. Your bite misses qipq's ghost.
Qipq's ghost is heavily damaged.
Qipq's ghost closely misses you.
You miss qipq's ghost.
Qipq's ghost is heavily damaged.
Qipq's ghost barely misses you.
You miss qipq's ghost.
Qipq's ghost is heavily damaged.
Qipq's ghost hits you but does no damage.
You completely miss qipq's ghost.
Qipq's ghost is heavily damaged.
Your icy armour starts to melt.
Qipq's ghost hits you.
* * * LOW HITPOINT WARNING * * *
Qipq's ghost hits you!
You die...

...# #.# #.#........# ##.# #.#
#.#.######.# ##.# #)# #.#<# #.#
##.# #####)# #.#.# #.## ##.##
#...#)# #####.#.# ###... ##..#
###.#.#)###.....#.## #.....
###.#
#...#..............###.#.##
###.# #.#####.........#......#.#
....# #...#..###@''####.######.#
##..# ###.#.##.(W...(##.######.#
##..#####...##....(..##..%.....#
#..........###..(....#.#######.#
#.#.#.####.# #.....(8#.#######^#
...........###.$.(...#.[....)..#
#.#.#.####...###################
......# ##### #######


You could see qipq's ghost.

Vanquished Creatures
  A wyvern (D:7)
  2 orc warriors (D:6)
  2 black bears (D:6)
  An ice beast (D:5)
  2 centaurs
  An ogre (D:5)
  A phantom (D:4)
  3 bullfrogs
  A scorpion (D:5)
  8 wights (D:7)
  A howler monkey (D:7)
  2 jellies (D:6)
  6 hounds
  2 orc priests
  2 gnoll boudas
  Terence (D:3)
  An iguana (D:4)
  4 orc wizards
  11 gnolls
  2 river rats (D:4)
  15 adders
  A white imp (D:6)
  An ufetubus (D:5)
  7 worms
  A dart slug (D:3)
  11 orcs
  18 endoplasms
  11 giant cockroaches
  10 goblins
  8 hobgoblins
  8 jackals
  11 quokkas
  23 ball pythons
  8 bats
  10 frilled lizards
  5 kobolds
  4 rats
206 creatures vanquished.

Notes
Turn   | Place    | Note
-------+----------+-------------------------------------------
     0 | D:1      | MacCMillion the Gnoll Ice Elementalist began the quest for
                  | the Orb.
     0 | D:1      | Reached XP level 1. HP: 13/13 MP: 6/6
   396 | D:1      | Reached XP level 2. HP: 17/19 MP: 5/7
   875 | D:1      | Reached XP level 3. HP: 22/25 MP: 7/9
   879 | D:1      | Learned a level 3 spell: Frozen Ramparts
   883 | D:1      | Learned a level 3 spell: Ozocubu's Armour
  1042 | D:1      | Reached skill level 5 in Spellcasting
  1337 | D:2      | Reached skill level 1 in Invocations
  1438 | D:2      | Reached skill level 1 in Fighting
  1438 | D:2      | Reached skill level 1 in Short Blades
  1438 | D:2      | Reached skill level 1 in Long Blades
  1438 | D:2      | Reached skill level 1 in Axes
  1438 | D:2      | Reached skill level 1 in Maces & Flails
  1438 | D:2      | Reached skill level 1 in Polearms
  1438 | D:2      | Reached skill level 1 in Staves
  1438 | D:2      | Reached skill level 1 in Ranged Weapons
  1438 | D:2      | Reached skill level 1 in Throwing
  1438 | D:2      | Reached skill level 1 in Armour
  1438 | D:2      | Reached skill level 1 in Shields
  1438 | D:2      | Reached skill level 1 in Unarmed Combat
  1438 | D:2      | Reached skill level 1 in Evocations
  1543 | D:2      | Found an ancient bone altar of Kikubaaqudgha.
  1556 | D:2      | Reached XP level 4. HP: 29/32 MP: 8/11
  1849 | D:3      | Found a transporter.
  2069 | D:3      | Found a transporter.
  2082 | D:3      | Reached skill level 1 in Conjurations
  2082 | D:3      | Reached skill level 1 in Hexes
  2082 | D:3      | Reached skill level 1 in Summonings
  2082 | D:3      | Reached skill level 1 in Necromancy
  2082 | D:3      | Reached skill level 1 in Translocations
  2082 | D:3      | Reached skill level 1 in Transmutations
  2082 | D:3      | Reached skill level 1 in Fire Magic
  2082 | D:3      | Reached skill level 1 in Air Magic
  2082 | D:3      | Reached skill level 1 in Earth Magic
  2082 | D:3      | Reached skill level 1 in Poison Magic
  2082 | D:3      | Reached skill level 1 in Shapeshifting
  2302 | D:3      | Reached XP level 5. HP: 28/37 MP: 7/12
  2969 | D:3      | Noticed Terence
  2979 | D:3      | Killed Terence
  2980 | D:3      | Reached XP level 6. HP: 44/44 MP: 10/14
  3022 | D:3      | Reached skill level 5 in Dodging
  3252 | D:4      | You fall into a shaft and drop 3 floors!
  3259 | D:7      | Noticed a wyvern
  3265 | D:7      | Killed a wyvern
  3266 | D:7      | Reached XP level 7. HP: 51/51 MP: 7/15
  3324 | D:5      | Entered Level 5 of the Dungeon
  3548 | D:4      | Found Itwemm's Assorted Antiques.
  3807 | D:4      | Found a bloodstained altar of Trog.
  3821 | D:4      | Reached skill level 5 in Stealth
  3877 | D:4      | Found a glowing drain.
  3882 | Sewer    | Entered a sewer
  4396 | Sewer    | Reached XP level 8. HP: 45/57 MP: 9/16
  4468 | Sewer    | Got the Incunable of the Lofty Mesa
  5069 | D:4      | Found a bloodstained altar of Trog.
  5268 | D:4      | Found Itwemm's Assorted Antiques.
  6286 | D:5      | Found a staircase to the Ecumenical Temple.
  6311 | Temple   | Entered the Ecumenical Temple
  6339 | Temple   | Became a worshipper of Cheibriados the Contemplative
  6750 | D:6      | Found an iron altar of Okawaru.
  6752 | D:6      | Found a hazy altar of Hepliaklqana.
  6753 | D:6      | Found a sacrificial altar of Ru.
  6975 | D:6      | Found a runed translucent door.
  6978 | D:6      | Noticed qipq's ghost (amateur FeFi)
  7063 | D:6      | Reached XP level 9. HP: 65/65 MP: 12/18
  7438 | D:7      | HP: 1/60 [wight/+2 great sword (5)]
  7579 | D:7      | Found Lylucwut's Magic Scroll Shop.
  7634 | D:7      | Reached skill level 8 in Ice Magic
  7634 | D:7      | Reached * piety under Cheibriados
  7838 | D:7      | Found a runed translucent gate.
  7838 | D:7      | Noticed qipq's ghost (amateur FeDe)
  7840 | D:7      | Found a runed translucent gate.
  7840 | D:7      | Found a runed translucent gate.
  7878 | D:7      | Found an opulent altar of Gozag.
  8682 | D:7      | Slain by qipq's ghost

Illustrated notes

Levels and vault maps discovered:
D:1:      minmay_arrival_radiant_lines, layout_loops_corners,
          minmay_tromino_v4_b
D:2:      layout_rooms, basic_altar
D:3:      gammafunk_wand_slinger, layout_basic, corexii_leaking_fountain,
          cheibrodos_gnoll_hut, uniq_terence
D:4:      layout_loops_cross, trog_butcher_becter, serial_shops, shop_statue,
          gup_sewer_entry_spiral, nicolae_half_adder
D:5:      layout_basic, temple_hall, chequers_serial_rivers_micro_d
D:6:      layout_basic, minitemple, ebering_ghost_sewer_d,
          kennysheep_decorative_pillar
D:7:      layout_loops_ring, nicolae_gozag_cash_rules_everything_around_me,
          serial_shops, nicolae_shop_rolled_up, ebering_ghost_rock_garden
Temple:   nicolae_temple_bog_church

Skill      XL: |  1  2  3  4  5  6  7  8  9 |
---------------+----------------------------+-----
Spellcasting   | 5 6 |  6.8
Invocations    | 1 2 3 4 |  4.9
Fighting       | 1 2 3 4 |  4.5
Short Blades   | 1 2 3 4 |  4.5
Long Blades    | 1 2 3 4 |  4.5
Axes           | 1 2 3 4 |  4.5
Maces & Flails | 1 2 3 4 |  4.5
Polearms       | 1 2 3 4 |  4.5
Staves         | 1 2 3 4 |  4.5
Ranged Weapons | 1 2 3 4 |  4.5
Throwing       | 1 2 3 4 |  4.5
Armour         | 1 2 3 4 |  4.5
Shields        | 1 2 3 4 |  4.5
Unarmed Combat | 1 2 3 4 |  4.5
Evocations     | 1 2 3 4 |  4.5
Conjurations   | 1 2 3 |  3.7
Hexes          | 1 2 3 |  3.7
Summonings     | 1 2 3 |  3.7
Necromancy     | 1 2 3 |  3.7
Translocations | 1 2 3 |  3.7
Transmutations | 1 2 3 |  3.7
Fire Magic     | 1 2 3 |  3.7
Air Magic      | 1 2 3 |  3.7
Earth Magic    | 1 2 3 |  3.7
Poison Magic   | 1 2 3 |  3.7
Shapeshifting  | 1 2 3 |  3.7
Dodging        | 5 6 |  6.5
Stealth        | 5 6 |  6.2
Ice Magic      | 8 |  8.1

Action                     |  1- 3 |  4- 6 |  7- 9 || total
---------------------------+-------+-------+-------++-------
  Melee: Short sword       |     2 |       |       ||     2
         Dagger            |    29 |    40 |   178 ||   247
         Bite              |     3 |     3 |    23 ||    29
         Punch             |       |     1 |     4 ||     5
         Morningstar       |       |       |    72 ||    72
   Cast: Freeze            |    30 |     5 |    16 ||    51
         Frozen Ramparts   |     7 |    21 |    51 ||    79
         Ozocubu's Armour  |       |    11 |    24 ||    35
  Evoke: Wand              |       |       |     3 ||     3
    Use: Scroll            |       |     1 |     5 ||     6
         Potion            |       |       |     1 ||     1
   Stab: Sleeping          |     5 |       |     4 ||     9
         Distracted        |       |       |     1 ||     1
 Armour: Robe              |     9 |     9 |    46 ||    64
         Ring mail         |       |       |    35 ||    35
  Dodge: Dodged            |    25 |    45 |   181 ||   251

Table legend: (Time is in decaauts)
 A = Elapsed time spent in this place.
 B = Non-inter-level travel time spent in this place.
 C = Inter-level travel time spent in this place.
 D = Time resting spent in this place.
 E = Time spent auto-exploring this place.
 F = Levels seen in this place.
 G = Mean time per level.
                   A        B        C        D        E       F      G
               +--------+--------+--------+--------+--------+-----+--------+
         Total |   9329 |   9095 |    234 |   1739 |   5036 |   9 | 1036.6 |
       Dungeon |   8599 |   8400 |    199 |   1474 |   4938 |   7 | 1228.4 |
        Temple |     49 |     14 |     35 |      0 |     12 |   1 |   49.0 |
         Sewer |    679 |    679 |      0 |    264 |     85 |   1 |  679.0 |
               +--------+--------+--------+--------+--------+-----+--------+

Top non-repeatable levels by time:
     D:4: 1692 daAuts
     D:7: 1676 daAuts
     D:3: 1355 daAuts
     D:1: 1221 daAuts
     D:5: 1074 daAuts
     D:6: 954 daAuts
   Sewer: 679 daAuts
     D:2: 625 daAuts
  Temple: 49 daAuts
